 Dungeon Crawl Stone Soup version 0.13-a0-1672-g2e244fd (webtiles) character file.

151 4tharraofdagon the Firebug (level 4, 0/24 HPs)
             Began as a Kobold Fire Elementalist on June 19, 2013.
             Succumbed to an adder's poison
             ... on Level 3 of the Dungeon.
             The game lasted 00:04:49 (812 turns).

4tharraofdagon the Firebug (KoFE)                    Turns: 812, Time: 00:04:49

HP   0/24        AC  6     Str  7      XL: 4   Next: 44%
MP   0/7         EV 15     Int 14      God:
Gold 81          SH  0     Dex 15      Spells:  2 memorised,  2 levels left

Res.Fire  : . . .   See Invis. : .   (no weapon)
Res.Cold  : . . .   Warding    : .   a - +0 robe
Life Prot.: . . .   Conserve   : .   (no shield)
Res.Poison: .       Res.Corr.  : .   i - +1 elf wizard hat
Res.Elec. : .       Clarity    : .   (no cloak)
Sust.Abil.: . .     Spirit.Shd : .   e - +2 pair of gauntlets
Res.Mut.  : .       Stasis     : .   (no boots)
Res.Rott. : .       Flight     : .   (no amulet)
Saprovore : + + .                    (no ring)
                                     (no ring)

@: mildly poisoned, slightly resistant to hostile enchantments, stealthy
A: disease resistance, carnivore 3, saprovore 2
a: no special abilities


You were on level 3 of the Dungeon.
You were completely stuffed.

You visited 1 branch of the dungeon, and saw 4 of its levels.

You collected 61 gold pieces.

Inventory:

Armour
 a - a +0 robe (worn)
 e - a +2 pair of gauntlets (worn)
 i - a +1 elven wizard hat (worn)
Comestibles
 c - a meat ration
Scrolls
 d - 3 scrolls of identify {unknown}
 f - a scroll of noise {unknown}
 g - a scroll of teleportation {unknown}
 j - a scroll of enchant weapon I {unknown}
Books
 b - a book of Flames

   Spells                             Type                      Level
   *Flame Tongue                      Conjuration/Fire             1
   Throw Flame                        Conjuration/Fire             2
   *Conjure Flame                     Conjuration/Fire             3
   Inner Flame                        Hexes/Fire                   3
   Sticky Flame                       Conjuration/Fire             4
   Fireball                           Conjuration/Fire             5


   Skills:
 - Level 2.4 Dodging
 - Level 2.6 Stealth
 + Level 1.7 Spellcasting
 * Level 2.1 Conjurations
 * Level 3.9 Fire Magic


You had 2 spell levels left.
You knew the following spells:

 Your Spells              Type           Power        Failure   Level  Hunger
a - Flame Tongue          Conj/Fire      #....        10%         1    ##.....
b - Conjure Flame         Conj/Fire      #.......     21%         3    ####...


Dungeon Overview and Level Annotations

Branches:
Dungeon (4/27)
 Temple: D:4-7

Altars:
Nemelex Xobeh


Innate Abilities, Weirdness & Mutations

You recuperate from illness quickly.
You are small and have problems with some larger weapons.
You are carnivorous and can eat meat at any time.
You can eat rotten meat.


Message History

You aren't carrying any potions.
You aren't carrying any potions.
You aren't carrying any potions.
You aren't carrying any potions.
You aren't carrying any potions.
You aren't carrying any potions.
You aren't carrying any potions.
You aren't carrying any potions.
You aren't carrying any potions.
You aren't carrying any potions.
You aren't carrying any potions.
You aren't carrying any potions.
You aren't carrying any potions.
You aren't carrying any potions.
You aren't carrying any potions.
You aren't carrying any potions.
You aren't carrying any potions.
You aren't carrying any potions.
You aren't carrying any items that can be evoked.
You die...

#.###...####....<.......#
#...#...# #.......####.#
#...#...# ##....#.## #.#
#......## #.......# #.# ##......#
#.......# #.####
#>......######.###...# #....#
###..(..####...#.####.## #....#
......................# ##....#
####.#######....@#.##.###...#####
#...##...........%..........%...
#...##.######...#%##.###...#####
#...##.# ###.#.##.# #...# #
####.##.########.#.##.# #...# #
......................# ##.##
####....########....### #.#
#....# #....# #.# #.##.# #...##
#.#


There were no monsters in sight!

Vanquished Creatures
  3 adders
  A giant mite (D:1)
  2 worms (D:3)
  A giant gecko (D:3)
  2 giant cockroaches (D:2)
  2 goblins
  4 hobgoblins
  A quokka (D:3)
  A ball python (D:3)
  3 bats
  A giant newt (D:1)
  A kobold (D:3)
  3 rats
25 creatures vanquished.

Notes
Turn   | Place    | Note
--------------------------------------------------------------
     0 | D:1      | 4tharraofdagon, the Kobold Fire Elementalist, began the quest for the Orb.
     0 | D:1      | Reached XP level 1. HP: 10/10 MP: 3/3
    13 | D:1      | Reached skill level 1 in Conjurations
    13 | D:1      | Reached XP level 2. HP: 15/15 MP: 1/4
   157 | D:2      | Reached XP level 3. HP: 2/19 MP: 1/6
   175 | D:2      | Learned a level 3 spell: Conjure Flame
   337 | D:2      | Found a sparkling altar of Nemelex Xobeh.
   623 | D:3      | Reached XP level 4. HP: 24/24 MP: 3/7
   810 | D:3      | HP: 1/24 [poisoned by an adder]
   812 | D:3      | Succumbed to an adder's poison

Action                   |  1- 3 |  4- 6 || total
-------------------------+-------+-------++-------
Melee: Unarmed           |    45 |       ||    45
 Cast: Flame Tongue      |    25 |    17 ||    42
       Conjure Flame     |     1 |       ||     1
